 Dungeon Crawl Stone Soup version 0.30-a0-1053-gbd8d5ba0ad (webtiles) character file.

Game seed: 6750486526822270800

96 Darkkill the Shooter (level 4, -4/38 HPs)
             Began as a Minotaur Hunter on Apr 11, 2023.
             Killed by divine providence
             ... invoked by an orc priest
              (13 damage)
             ... on level 3 of the Dungeon.
             The game lasted 00:05:28 (1265 turns).

Darkkill the Shooter (Minotaur Hunter)              Turns: 1265, Time: 00:05:28

Health: -4/38      AC:  4    Str: 16    XL:     4   Next: 41%
Magic:  3/3        EV: 13    Int:  6    God:
Gold:   99         SH:  0    Dex: 21    Spells: 3/3 levels left

rFire   . . .      SeeInvis +    a - +1 shortbow
rCold   . . .      Faith    .    (shield currently unavailable)
rNeg    . . .      Spirit   .    c - +0 leather armour
rPois   .          Reflect  .    (helmet restricted)
rElec   .          Rampage  .    (no cloak)
rCorr   .                        m - +0 pair of gloves
Will    .....                    (no boots)
Stlth   ++                       (no amulet)
HPRegen 0.26/turn                i - ring of see invisible
MPRegen 0.08/turn                o - +6 ring of dexterity

@: no status effects
A: horns 2, retaliatory headbutt
a: no special abilities


You were on level 3 of the Dungeon.
You visited 1 branch of the dungeon, and saw 3 of its levels.

You collected 99 gold pieces.

Inventory:

Hand Weapons
 a - a +1 shortbow (weapon)
Missiles
 e - 17 stones
 n - 5 curare-tipped darts {=f !f}
Armour
 c - a +0 leather armour (worn)
 m - a +0 pair of gloves (worn)
Jewellery
 i - a ring of see invisible (left hand)
 o - a +6 ring of dexterity (right hand)
 q - a ring of flight
Wands
 k - a wand of digging (4)
Scrolls
 b - 2 scrolls of immolation
 j - a scroll of blinking
 l - a scroll of teleportation
 p - a scroll of identify {@r1}
Potions
 d - a potion of curing {@q1}
 f - a potion of ambrosia
 g - a potion of flight {unknown}
 h - a potion of brilliance {unknown}


   Skills:
 + Level 3.5 Fighting
 + Level 5.0 Ranged Weapons
 + Level 3.1 Dodging
 + Level 1.9 Stealth


You had 3 spell levels left.
You didn't know any spells.
Your spell library contained the following spells:

 Spells                   Type           Power      Damage    Failure   Level
 Ensorcelled Hibernation  Hex/Ice        0%         N/A       67%         2
 Passwall                 Tmut/Erth      0%         N/A       67%         2
 Swiftness                Air            0%         N/A       88%         3


Dungeon Overview and Level Annotations

Branches:
Dungeon (3/15)

Altars:
Xom


Innate Abilities, Weirdness & Mutations

You have a pair of horns on your head.
You reflexively headbutt those who attack you in melee.


Message History

You kill the frilled lizard!
Your Dodging skill increases to level 3!
You see here a frilled lizard corpse.
Found a stone staircase leading up.
No target in view!
You open the door.
There is an open door here.
Terence and a kobold come into view.
You shoot an arrow. The arrow hits Terence.
Terence shouts!
Terence is lightly wounded.
You shoot an arrow. The arrow closely misses Terence.
You shoot an arrow. The arrow hits Terence!
Terence is severely wounded.
You shoot an arrow. The arrow hits Terence.
Terence is almost dead.
Terence misses you. Terence hits you with a +0 hand axe.
The kobold closely misses you.
You shoot an arrow. The arrow hits Terence!
You kill Terence!
The kobold hits you but does no damage.
Your Ranged Weapons skill increases to level 5!
You have reached level 4!
You feel stronger.
You shoot an arrow. The arrow hits the kobold!
You kill the kobold!
No target in view!
HP restored.
You see here a +0 dagger.
Found a stone staircase leading up.
No target in view!
Found an escape hatch in the floor.
No target in view!
A kobold and an orc come into view.
The kobold shouts!
You hear a shout! x2
An orc wizard comes into view. It is wielding a +0 dagger.
You shoot an arrow. The orc shouts!
The arrow hits the kobold.
You kill the kobold!
An orc priest comes into view. It is wielding a +0 club.
An orc priest comes into view. It is wielding a +0 hand axe.
You shoot an arrow. The arrow closely misses the orc.
The arrow hits the orc priest!
The orc priest is heavily wounded.
You hear a shout!
A kobold comes into view. It is wielding a +0 short sword.
An orc comes into view. It is wielding a +0 flail.
The orc priest calls upon Beogh to heal the orc priest.
The orc priest is healed somewhat.
The kobold moves out of view.
There are monsters nearby!
You shoot an arrow. The arrow barely misses the orc.
The arrow hits the orc priest!
The orc priest is severely wounded.
The orc priest mumbles some strange prayers to Beogh against you.
Beogh smites you!
You shoot an arrow.
The arrow hits the orc priest but does no damage.
The orc priest is severely wounded.
The orc priest calls down the wrath of Beogh upon you.
You barely resist. You shoot an arrow.
The arrow closely misses the orc priest.
The orc wizard casts a spell.
The orc wizard flickers and vanishes for a moment.
You shoot an arrow. The arrow hits the orc!
You kill the orc!
You shoot an arrow. The arrow barely misses the kobold.
The orc priest calls upon Beogh to heal the orc priest.
The orc priest is healed somewhat.
You shoot an arrow. The arrow hits the kobold.
The kobold is severely wounded.
The kobold hits you but does no damage.
The kobold hits you with a +0 short sword.
You shoot an arrow. The arrow misses the kobold.
The arrow closely misses the orc priest.
The kobold hits you but does no damage.
You shoot an arrow. The arrow closely misses the kobold.
The arrow hits the orc priest.
The orc priest is heavily wounded.
The kobold misses you.
You shoot an arrow.
The arrow hits the kobold but does no damage.
The kobold is severely wounded.
The kobold hits you but does no damage.
The orc priest looks braver for a moment.
You shoot an arrow. The arrow hits the kobold.
You kill the kobold!
The orc priest calls down the wrath of Beogh upon you.
Beogh smites you!
You are too injured to fight recklessly!
You shoot an arrow. The arrow hits the orc priest.
The orc priest is moderately wounded.
The orc priest mumbles some strange prayers to Beogh against you.
Beogh smites you!
* * * LOW HITPOINT WARNING * * *
The orc priest closely misses you. The orc priest completely misses you.
The orc priest mumbles some strange prayers to Beogh against you.
Beogh smites you!
You die...

###.#.##........#
#...######'####
######........#
..........##.##
.......#.##.#####
#####....<..#.....#
#<.........##.###.#
##........))#
##@######.....# #o#
#.###..#


ooo #.. ... ..>.# .... ## .....# ..... ......# ...... .).....# #......#
........# You could see 2 orc priests, an orc wizard (invisible) and an orc.

Vanquished Creatures
  Terence (D:3)
  A gnoll (D:1)
  2 adders
  An orc (D:3)
  2 endoplasms (D:1)
  3 giant cockroaches
  A goblin (D:2)
  5 hobgoblins
  6 jackals (D:1)
  3 quokkas
  A ball python (D:2)
  6 bats
  3 frilled lizards
  6 kobolds
  A rat (D:1)
42 creatures vanquished.

Vanquished Creatures (others)
  A plant (D:2)
1 creature vanquished.

Grand Total: 43 creatures vanquished

Notes
Turn   | Place    | Note
-------+----------+-------------------------------------------
     0 | D:1      | Darkkill the Minotaur Hunter began the quest for the Orb.
     0 | D:1      | Reached XP level 1. HP: 18/18 MP: 0/0
    73 | D:1      | Reached skill level 1 in Stealth
    73 | D:1      | Reached XP level 2. HP: 18/25 MP: 1/1
   409 | D:1      | Reached XP level 3. HP: 31/31 MP: 2/2
  1121 | D:2      | Found a shimmering altar of Xom.
  1223 | D:3      | Noticed Terence
  1228 | D:3      | Killed Terence
  1229 | D:3      | Reached skill level 5 in Ranged Weapons
  1229 | D:3      | Reached XP level 4. HP: 34/38 MP: 3/3
  1265 | D:3      | Killed from afar by an orc priest

Illustrated notes

Levels and vault maps discovered:
D:1:      co_arrival_square_in_a_square_in_a_square, layout_rooms,
          nicolae_figureground_pulse
D:2:      layout_basic, basic_altar, serial_park_tiny_pond,
          guppyfry_early_lair_pool
D:3:      layout_basic, kennysheep_generic_room_4, uniq_ijyb, uniq_jessica,
          uniq_terence, uniq_crazy_yiuf_cottage

Skill      XL: |  1  2  3 |
---------------+----------+-----
Stealth        | 1 |  1.9
Fighting       | 3 |  3.5
Dodging        | 3 |  3.1
Ranged Weapons | 5 |  5.0

Action                     |  1- 3 |  4- 6 || total
---------------------------+-------+-------++-------
   Fire: Shortbow          |    98 |    14 ||   112
    Use: Scroll            |     7 |       ||     7
 Armour: Leather armour    |    12 |     3 ||    15
  Dodge: Dodged            |    18 |     3 ||    21

Table legend: (Time is in decaauts)
 A = Elapsed time spent in this place.
 B = Non-inter-level travel time spent in this place.
 C = Inter-level travel time spent in this place.
 D = Time resting spent in this place.
 E = Time spent auto-exploring this place.
 F = Levels seen in this place.
 G = Mean time per level.
                   A        B        C        D        E       F      G
               +--------+--------+--------+--------+--------+-----+--------+
         Total |   1298 |   1246 |     52 |      0 |   1002 |   3 |  432.7 |
       Dungeon |   1298 |   1246 |     52 |      0 |   1002 |   3 |  432.7 |
               +--------+--------+--------+--------+--------+-----+--------+

Top non-repeatable levels by time:
     D:1: 730 daAuts
     D:2: 458 daAuts
     D:3: 110 daAuts

Table legend:
 A = Kills in this place as a percentage of kills in the entire game.
 B = Kills by you in this place as a percentage of kills by you in the entire game.
 C = Kills by friends in this place as a percentage of kills by friends in the entire game.
 D = Other kills in this place as a percentage of other kills in the entire game.
 E = Experience gained in this place as a percentage of experience gained in the entire game.
 F = Experience gained in this place divided by the number of levels of this place that you have seen.
                   A       B       C       D       E      F
               +-------+-------+-------+-------+-------+----------------------
         Total | 100.0 | 100.0 |   N/A |   N/A | 100.0 |  46.0
       Dungeon | 100.0 | 100.0 |   N/A |   N/A | 100.0 |  46.0
               +-------+-------+-------+-------+-------+----------------------
